 Dungeon Crawl Stone Soup version 0.29-a0-653-gd47aff6735 (webtiles) character file.

Game seed: 13515310565343512266

8 ytrimaz the Vandal (level 2, 21/22 HPs)
             Began as a Formicid Hunter on June 21, 2022.
             Was a Follower of Nemelex Xobeh.
             Quit the game on level 1 of the Dungeon.
             The game lasted 00:00:22 (67 turns).

ytrimaz the Vandal (Formicid Hunter)                  Turns: 67, Time: 00:00:22

Health: 21/22      AC:  3    Str: 15    XL:     2   Next: 15%
Magic:  2/2        EV: 12    Int:  8    God:    Nemelex Xobeh [*.....]
Gold:   23         SH:  0    Dex: 17    Spells: 1/1 levels left

rFire   . . .      SeeInvis +   a - +1 hunting sling
rCold   . . .      Faith    .   (no shield)
rNeg    . . .      Spirit   .   b - +0 leather armour
rPois   .          Reflect  .   (helmet unavailable)
rElec   .          Harm     .   (no cloak)
rCorr   .          Rampage  .   (no gloves)
Will    .....                   (no boots)
Stlth   ++........              (no amulet)
HPRegen 0.07/turn               (no ring)
MPRegen 0.08/turn               (no ring)

@: no status effects
A: permanent stasis, dig shafts and tunnels, antennae 3, four strong arms
a: Dig, Shaft Self, Renounce Religion, Draw Escape, Draw Destruction, Draw
Summoning


You were on level 1 of the Dungeon.
You worshipped Nemelex Xobeh.
Nemelex Xobeh was aware of your devotion.
You visited 1 branch of the dungeon, and saw 1 of its levels.

You collected 23 gold pieces.

Inventory:

Hand Weapons
 a - a +1 hunting sling (weapon)
Armour
 b - a +0 leather armour (worn)
Scrolls
 c - a scroll of immolation
Potions
 d - a potion of mutation {unknown}


   Skills:
 + Level 2.2 Fighting
 + Level 4.8 Slings
 + Level 1.8 Dodging
 - Level 1.2 Stealth


You had one spell level left.
You didn't know any spells.
Your spell library was empty.

Dungeon Overview and Level Annotations

Branches:
Dungeon (1/15)

Altars:
Nemelex Xobeh


Innate Abilities, Weirdness & Mutations

You cannot be hasted, slowed, berserked, paralysed or teleported.
You can dig through walls and to a lower floor.
You have a pair of large antennae on your head. (SInv)
Your four strong arms can wield two-handed weapons with a shield.


Message History

A bat comes into view.
The jackal bites you. The jackal attacks as you move away!
The jackal closely misses you. The jackal barely misses you.
You shoot a sling bullet. The sling bullet hits the jackal.
You kill the jackal!
The jackal closely misses you.
You shoot a sling bullet. The sling bullet hits the jackal!
You kill the jackal!
The jackal closely misses you.
You shoot a sling bullet.
The sling bullet barely misses the jackal.
The sling bullet hits the bat.
The bat is moderately wounded.
The jackal barely misses you. The jackal closely misses you.
You shoot a sling bullet. The sling bullet hits the jackal!
You kill the jackal!
The bat hits you but does no damage. The bat barely misses you.
You have reached level 2!
You shoot a sling bullet. The sling bullet hits the bat.
You kill the bat!
No target in view!
No target in view!
You see here a jackal corpse.
You see here a bat corpse.
Found a stone staircase leading down.
There is a faded altar of an unknown god here.
You cannot tell which god this altar belongs to.
Convert to them anyway? [Y]es or [N]o only, please.
You cannot tell which god this altar belongs to.
Convert to them anyway?
Nemelex Xobeh accepts your prayer! Nemelex Xobeh welcomes you!
You can now draw from decks of power.
Nemelex will now gift you decks of power as you gain piety.
Unknown command.
Press < or > to pray at altars.
Your movement speed is average.
Your attack delay is about 1.2.
Unknown command.
Press < or > to pray at altars.
Are you sure you want to abandon this character and quit the game? (Confirm with "yes".)

.# ###.#
# >#.. ##
... ≈# ##
..# ≈# .#
##..###
≈##.#
#..∩..#
≈#..#
#@....#
≈#..#
#..⌠..##.
##..#
#........
##..#
#.#######
'...# #†#
##.## #†#
...# #.#
...# #.#
...#
#######.#


There were no monsters in sight!

Vanquished Creatures
  2 bats (D:1)
  4 jackals (D:1)
6 creatures vanquished.

Notes
Turn   | Place    | Note
-------+----------+-------------------------------------------
     0 | D:1      | ytrimaz the Formicid Hunter began the quest for the Orb.
     0 | D:1      | Reached XP level 1. HP: 16/16 MP: 1/1
    41 | D:1      | Found a faded altar of an unknown god.
    59 | D:1      | Reached XP level 2. HP: 20/22 MP: 2/2
    66 | D:1      | Prayed at the altar of an unknown god.
    66 | D:1      | Became a worshipper of Nemelex Xobeh the Trickster
    66 | D:1      | Reached * piety under Nemelex Xobeh
    67 | D:1      | Quit the game

Illustrated notes

Levels and vault maps discovered:
D:1:      wander_arrival_chamber, layout_loops_cross,
          ebering_ecumenical_altar_abandoned, serial_shops, shop,
          nicolae_shop_bloodbath_and_beyond

Action                   || total
-------------------------++-------
 Fire: Hunting sling     ||    11
 Abil: Dig               ||     2
Armor: Leather armour    ||     1
Dodge: Dodged            ||     8

Table legend: (Time is in decaauts)
 A = Elapsed time spent in this place.
 B = Non-inter-level travel time spent in this place.
 C = Inter-level travel time spent in this place.
 D = Time resting spent in this place.
 E = Time spent auto-exploring this place.
 F = Levels seen in this place.
 G = Mean time per level.
                   A        B        C        D        E       F      G
               +--------+--------+--------+--------+--------+-----+--------+
         Total |     69 |     69 |      0 |      0 |     43 |   1 |   69.0 |
       Dungeon |     69 |     69 |      0 |      0 |     43 |   1 |   69.0 |
               +--------+--------+--------+--------+--------+-----+--------+

Top non-repeatable levels by time:
     D:1: 69 daAuts
